 Dungeon Crawl Stone Soup version 0.30.0-5-g1a98f26d00 (webtiles) character file.

Game seed: 5895475418880123790

207 fozzywoppz the Covered (level 5, -7/34 HPs)
             Began as a Gargoyle Fighter on May 11, 2023.
             Mangled by an ogre
             ... wielding a +0 giant spiked club
              (27 damage)
             ... on level 4 of the Dungeon.
             The game lasted 00:05:05 (2864 turns).

fozzywoppz the Covered (Gargoyle Fighter)           Turns: 2864, Time: 00:05:06

Health: -7/34      AC: 13    Str: 26    XL:     5   Next: 85%
Magic:  14/14      EV:  8    Int:  8    God:
Gold:   284        SH:  5    Dex: 11    Spells: 4/4 levels left

rFire   . . .        n - +0 whip (elec)
rCold   . . .        c - +0 buckler
rNeg    + . .        v - +0 chain mail
rPois   ∞            (no helmet)
rElec   +            (no cloak)
rCorr   .            (no gloves)
SInv    .            (no boots)
Will    .....        o - amulet of the acrobat Stlth
                     b - ring of magical power
HPRegen 0.25/turn    y - +6 ring of strength
MPRegen 0.14/turn

%: acrobat
@: no status effects
A: sickness immunity, AC +4, negative energy resistance 1, electricity
resistance, torment resistance 1, petrification resistance
a: no special abilities


You were on level 4 of the Dungeon.
You visited 1 branch of the dungeon, and saw 4 of its levels.

You collected 284 gold pieces.

Inventory:

Hand Weapons
 n - a +0 whip of electrocution (weapon)
 A - a +0 flail of holy wrath
Missiles
 s - 6 silver boomerangs (quivered)
Armour
 c - a +0 buckler (worn)
 v - a +0 chain mail (worn)
Jewellery
 b - a ring of magical power (left hand)
 o - an amulet of the acrobat (around neck)
 y - a +6 ring of strength (right hand)
 z - a ring of ice
Wands
 u - a wand of roots (2)
Scrolls
 f - a scroll of butterflies {unknown}
 g - 4 scrolls of identify {unknown}
 j - a scroll of immolation {unknown}
 k - a scroll of teleportation {unknown}
 l - a scroll of torment {unknown}
 m - a scroll of fear {unknown}
 q - 2 scrolls of amnesia {unknown}
 r - a scroll of brand weapon {unknown}
 w - a scroll of enchant weapon {unknown}
 x - a scroll of enchant armour {unknown}
Potions
 a - a potion of curing
 d - a potion of might
 e - a potion of berserk rage {unknown}
 h - a potion of degeneration {unknown}
 i - 2 potions of attraction {unknown}
 p - a potion of brilliance {unknown}
 t - a potion of heal wounds {unknown}


   Skills:
 + Level 4.4 Fighting
 + Level 3.3 Maces & Flails
 + Level 4.5 Armour
 + Level 4.4 Shields


You had 4 spell levels left.
You didn't know any spells.
Your spell library was empty.

Dungeon Overview and Level Annotations

Branches:
Dungeon (4/15)
 Temple: D:4-7

Altars:
Elyvilon

Annotations:
D:3 3 runed translucent doors, Cressida's ghost, amateur OpHW


Innate Abilities, Weirdness & Mutations

You are immune to sickness and miasma.
Your stone body is resilient. (AC +4)
You are immune to poison.
You resist negative energy. (rN+)
You are resistant to electric shocks. (rElec)
You are resistant to unholy torment.
You are immune to petrification.


Message History

The gnoll hits you but does no damage.
You hit the gnoll. Lightning courses through the gnoll!!
You kill the gnoll!
You see here a +0 flail of holy wrath.
An endoplasm comes into view.
The endoplasm quivers.
An endoplasm is nearby!
You see here a +0 flail of holy wrath.
A - a +0 flail of holy wrath The endoplasm completely misses you.
You hit the endoplasm.
The endoplasm is heavily wounded.
The endoplasm barely misses you.
You hit the endoplasm.
Lightning courses through the endoplasm!
You kill the endoplasm!
You see here a +0 club.
An ogre comes into view. It is wielding a +0 giant spiked club.
The ogre shouts!
An ogre is nearby!
Aiming: Fastroot
Press: ? - help, Shift-Dir - straight line, f - ogre
Aim: an ogre, wielding a +0 giant spiked club The roots erupt in riotous growth!
Roots grab the ogre.
The grasping roots constrict the ogre.
The ogre struggles to escape constriction.
Aiming: Fastroot
Press: ? - help, Shift-Dir - straight line, f - you, p - ogre The roots erupt in riotous growth!
The grasping roots constrict the ogre.
The roots release their grip on the ogre.
Unknown command.
You hit the ogre.
The ogre is heavily wounded.
The ogre hits you with a +0 giant spiked club!
You whack the ogre!
The ogre is almost dead.
The ogre hits you with a +0 giant spiked club!!
Ouch! That really hurt!
You die...

#### ##
#...#.#
.....##
.....
...#
#O.#
#@.#
#.## #.#
# #.# #
#.# #
#.# #
### ##.#
# #.###
#..# #
##...###
#..#


You could see an ogre.

Vanquished Creatures
  2 orc wizards (D:4)
  Terence (D:3)
  3 gnolls (D:4)
  3 adders
  3 worms
  2 dart slugs
  2 orcs (D:4)
  4 endoplasms
  5 giant cockroaches
  4 goblins
  7 hobgoblins
  4 kobolds
  3 quokkas
  7 ball pythons
  9 bats
  3 frilled lizards (D:1)
  A rat (D:1)
63 creatures vanquished.

Notes
Turn   | Place    | Note
-------+----------+-------------------------------------------
     0 | D:1      | fozzywoppz the Gargoyle Fighter began the quest for the
                  | Orb.
     0 | D:1      | Reached XP level 1. HP: 14/14 MP: 1/1
    77 | D:1      | Found a faded altar of an unknown god.
   146 | D:1      | Reached XP level 2. HP: 16/19 MP: 2/2
   818 | D:2      | Reached XP level 3. HP: 7/23 MP: 3/3
   961 | D:2      | You fall into a shaft and drop 2 floors!
   961 | D:4      | Found a white marble altar of Elyvilon.
  1053 | D:3      | Reached XP level 4. HP: 29/29 MP: 4/4
  1260 | D:3      | Noticed Terence
  1266 | D:3      | Killed Terence
  1297 | D:3      | Found a runed translucent gate.
  1297 | D:3      | Found a runed translucent gate.
  1314 | D:3      | Found a runed translucent gate.
  1314 | D:3      | Noticed Cressida's ghost (amateur OpHW)
  1953 | D:2      | Reached XP level 5. HP: 33/33 MP: 5/5
  2858 | D:4      | Noticed an ogre
  2864 | D:4      | Mangled by an ogre

Illustrated notes

Levels and vault maps discovered:
D:1:      dpeg_arrival_arbitrary_a, layout_basic, ebering_ecumenical_altar_hall,
          minmay_vboxes
D:2:      layout_rooms, dk_noncrumbling_3, minmay_pentomino_u2
D:3:      layout_rooms, gammafunk_ghost_split, serial_rivers,
          chequers_serial_rivers_small_3, chequers_serial_rivers_micro_d,
          chequers_serial_rivers_small_3, chequers_serial_rivers_room_a,
          chequers_serial_rivers_room_a, chequers_serial_rivers_large_b,
          uniq_terence
D:4:      layout_cave_pods, amcnicky_altar_gilded

Skill      XL: |  1  2  3  4 |
---------------+-------------+-----
Fighting       | 4 |  4.4
Armour         | 4 |  4.5
Shields        | 4 |  4.4
Maces & Flails | 3 |  3.3

Action                     |  1- 3 |  4- 6 || total
---------------------------+-------+-------++-------
  Melee: Flail             |    48 |       ||    48
         Whip              |    53 |   136 ||   189
  Evoke: Wand              |       |     2 ||     2
    Use: Potion            |       |     2 ||     2
 Armour: Scale mail        |    45 |    14 ||    59
         Chain mail        |       |    69 ||    69
  Dodge: Dodged            |    61 |    77 ||   138
  Block: Buckler           |    22 |    33 ||    55
